 Dungeon Crawl Stone Soup version 0.26-a0-118-g49ad78631c (console) character file.

Game seed: 6263089149166338219

14 bli the Shield-Bearer (level 2, 0/24 HPs)
             Began as a Formicid Fighter on June 28, 2020.
             Slain by a kobold
             ... wielding a +0 whip
              (2 damage)
             ... on level 2 of the Dungeon.
             The game lasted 00:01:34 (307 turns).

bli the Shield-Bearer (Formicid Fighter)             Turns: 307, Time: 00:01:35

Health: 0/24       AC:  6    Str: 20    XL:     2   Next: 55%
Magic:  2/2        EV:  8    Int:  7    God:
Gold:   5          SH:  9    Dex: 10    Spells: 1/1 levels left

rFire    . . .     SeeInvis +   a - +0 war axe
rCold    . . .     Faith    .   c - +0 kite shield
rNeg     . . .     Spirit   .   b - +0 scale mail
rPois    .         Reflect  .   (helmet unavailable)
rElec    .         Harm     .   (no cloak)
rCorr    .                      (no gloves)
MR       .....                  (no boots)
Stlth    ..........             (no amulet)
HPRegen  0.08/turn              (no ring)
MPRegen  0.08/turn              (no ring)

@: lethally poisoned (0 -> -4)
A: permanent stasis, dig shafts and tunnels, four strong arms, antennae 3
a: Dig, Shaft Self


You were on level 2 of the Dungeon.
You were not hungry.

You visited 1 branch of the dungeon, and saw 2 of its levels.

You collected 5 gold pieces.

Inventory:

Hand Weapons
 a - a +0 war axe (weapon)
Missiles
 e - 30 stones (quivered)
 i - 25 sling bullets
Armour
 b - a +0 scale mail (worn)
 c - a +0 kite shield (worn)
Scrolls
 h - a scroll of random uselessness {unknown}
 j - a scroll of identify {unknown}
Potions
 d - a potion of might
Comestibles
 f - 2 rations
 g - 5 chunks of flesh


   Skills:
 + Level 3.5 Fighting
 + Level 2.2 Axes
 + Level 3.3 Armour
 + Level 4.1 Shields


You had one spell level left.
You didn't know any spells.
Your spell library was empty.

Dungeon Overview and Level Annotations

Branches:
Dungeon (2/15)

Altars:


Innate Abilities, Weirdness & Mutations

You cannot be hasted, slowed, berserked, paralysed or teleported.
You can dig through walls and to a lower floor.
Your four strong arms can wield two-handed weapons with a shield.
You have a pair of large antennae on your head. (SInv)


Message History

Your shield and scale mail prevent you from hitting the adder.
You miss the kobold.
You feel sick.
The adder bites you but does no damage. x2; You block the kobold's attack.
The adder closely misses you. The adder bites you but does no damage.
You hit the adder.
The adder is moderately wounded.
You barely miss the kobold. You closely miss the adder.
You feel sick. The adder bites you but does no damage.
The kobold hits you with a +0 dagger. The adder bites you.
The adder bites you but does no damage. The kobold barely misses you.
You completely miss the adder.
The adder is moderately wounded.
You closely miss the adder. You hit the kobold but do no damage.
You feel sick. The adder bites you. x2
* * * LOW HITPOINT WARNING * * *
You block the adder's attack. The kobold hits you but does no damage.
The adder closely misses you.
You barely miss the adder.
The adder is moderately wounded.
You hit the kobold. You closely miss the kobold. You closely miss the adder.
The adder bites you but does no damage. The adder bites you.
* * * LOW HITPOINT WARNING * * *
The kobold hits you but does no damage. The kobold hits you with a +0 whip.
You die...

.........)÷..........#
........<............+
...<.............. ..#
.................. ..#
.............#####+#.#
...........#.# ##.#.#
.....##......# #.g#<#
.#### #.###..####g...#
####.#.......g.#...
#......#..##.#.#.##
#K@........S ..#.#
#...rSSK.......#.#.#.#
#....###.....#..♣.♣.g#
#.... ...##..♣. . .♣.
..... ......... . . g
$##.. ....#.♣.... ..
+. ...# . #. .#


You could see 2 adders, 2 kobolds and a rat.

Vanquished Creatures
  A worm (D:2)
  2 bats
  3 goblins
  A hobgoblin (D:2)
  A kobold (D:1)
  2 frilled lizards (D:1)
  A rat (D:1)
11 creatures vanquished.

Notes
Turn   | Place    | Note
-------+----------+-------------------------------------------
     0 | D:1      | bli the Formicid Fighter began the quest for the Orb.
     0 | D:1      | Reached XP level 1. HP: 18/18 MP: 1/1
   169 | D:1      | Reached skill level 4 in Shields
   169 | D:1      | Reached XP level 2. HP: 22/24 MP: 2/2
   307 | D:2      | Slain by a kobold

Illustrated notes

Levels and vault maps discovered:
D:1:      heliophobic_arrival_dark_side_of_the_moon, layout_basic
D:2:      layout_basic, grunt_temple_overflow_order_and_chaos_2, first_ration,
          serial_forest, infiniplex_forest_lined_ring,
          infiniplex_forest_lined_room_2, infiniplex_forest_lined_2,
          infiniplex_forest_zigzag_2, infiniplex_forest_zigzag_1,
          infiniplex_forest_straight_2, infiniplex_forest_straight_4,
          infiniplex_forest_end_3, infiniplex_forest_clump_double

Skill      XL: |  1 |
---------------+----+-----
Shields        | 4 |  4.1
Fighting       | |  3.5
Axes           | |  2.2
Armour         | |  3.3

Action                   || total
-------------------------++-------
Melee: War axe           ||    39
 Abil: Dig               ||     1
Armor: Scale mail        ||    25
Dodge: Dodged            ||    14
Block: Kite shield       ||    27

Table legend:
 A = Non-vault XP
 B = Vault XP
 C = Vault XP percentage of total XP
 D = Non-vault monster count
 E = Vault monster count
 F = Vault count percentage of total count
                 A         B        C        D         E       F
            +---------+---------+-------+---------+---------+-------
      Total |      20 |       0 |   0.0 |      11 |       0 |   0.0
            +---------+---------+-------+---------+---------+-------
        D:1 |       9 |       0 |   0.0 |       6 |       0 |   0.0
        D:2 |      11 |       0 |   0.0 |       5 |       0 |   0.0
            +---------+---------+-------+---------+---------+-------
